 Dungeon Crawl Stone Soup version 0.26-a0-1147-g3780a7a11b (webtiles) character file.

Game seed: 3759216828379529876

1516 Marmelada the Covert (level 8, -6/103 HPs)
             Began as a Naga Necromancer on Dec 22, 2020.
             Was an Initiate of Kikubaaqudgha.
             Mangled by an orc warrior
             ... wielding a +0 hand axe
              (9 damage)
             ... on level 6 of the Dungeon.
             The game lasted 00:18:43 (9652 turns).

Marmelada the Covert (Naga Necromancer)             Turns: 9652, Time: 00:18:45

Health: -6/103     AC: 16    Str: 10    XL:     8   Next: 83%
Magic:  12/15      EV:  1    Int: 17    God:    Kikubaaqudgha [......]
Gold:   311        SH:  0    Dex: 13    Spells: 8/17 levels left

rFire    . . .     SeeInvis +   B - +8 mace of Slow Death {drain, SInv Stlth+}
rCold    . . .     Faith    .   (no shield)
rNeg     + + +     Spirit   .   (armour currently unavailable)
rPois    +         Reflect  .   (helmet currently unavailable)
rElec    .         Harm     .   (cloak currently unavailable)
rCorr    .         Rampage  .   (gloves currently unavailable)
Will     +....     NoTele   +   (no barding)
Stlth    +++++.....             (no amulet)
HPRegen  0.27/turn              (no ring)
MPRegen  0.14/turn              (no ring)

@: brilliant, tree-form, corroded, hasted, very quick
A: large, see invisible, spit poison 1, AC +2
a: Spit Poison, Renounce Religion


You were on level 6 of the Dungeon.
You worshipped Kikubaaqudgha.
Kikubaaqudgha was noncommittal.
You were a tree.
You visited 2 branches of the dungeon, and saw 7 of its levels.

You collected 311 gold pieces.

Inventory:

Hand Weapons
 a - a +2 dagger of freezing
 b - a +1 mace of draining
 e - a +0 dagger
 t - a +4 quarterstaff
 B - the +8 mace of Slow Death (weapon) {drain, SInv Stlth+}
   (You found it on level 6 of the Dungeon)

   A truly terrible weapon, it drains the life of those it strikes.
   It lets you see invisible.
   It makes you more stealthy.
Missiles
 f - 2 throwing nets
Armour
 c - a +1 robe
 o - a +2 robe of fire resistance (melded)
Jewellery
 h - a +4 ring of protection {unknown}
 n - a cursed ring of teleportation {unknown}
 w - a +6 ring of intelligence {unknown}
Wands
 i - a wand of random effects (6)
 y - a wand of digging (4)
Scrolls
 g - 2 scrolls of amnesia
 m - a scroll of enchant armour
 s - a scroll of teleportation
 u - 3 scrolls of remove curse
 v - a scroll of random uselessness {unknown}
 x - a scroll of identify
 z - a scroll of fog {unknown}
Potions
 d - 2 potions of haste
 j - 4 potions of attraction
 k - 2 potions of cancellation
 l - a potion of mutation {unknown}
 p - 2 potions of lignification
 q - 2 potions of brilliance
 r - 2 potions of flight {unknown}
 A - a potion of berserk rage


   Skills:
 + Level 3.4 Fighting
 - Level 1.8 Dodging
 + Level 8.6 Stealth
 + Level 5.1 Spellcasting
 + Level 7.9 Necromancy


You had 8 spell levels left.
You knew the following spells:

 Your Spells              Type           Power        Failure   Level
a - Pain                  Necr           100%         1%          1
b - Animate Skeleton      Necr           92%          1%          1
c - Vampiric Draining     Necr           23%          1%          3
d - Animate Dead          Necr           23%          5%          4

Your spell library contained the following spells:

 Spells                   Type           Power        Failure   Level
 Agony                    Necr           46%          16%         5


Dungeon Overview and Level Annotations

Branches:
Dungeon (6/15)             Temple (1/1) D:5

Altars:
Ashenzari
Cheibriados
Dithmenos
Elyvilon
Fedhas
Gozag
Hepliaklqana
Kikubaaqudgha
Makhleb
Nemelex Xobeh
Okawaru
Qazlal
Ru
Sif Muna
Trog
Uskayaw
Vehumet
Wu Jian
Yredelemnul
Zin
The Shining One


Innate Abilities, Weirdness & Mutations

You cannot wear boots.
((Your serpentine skin is tough. (AC +2)))
You have supernaturally acute eyesight. (SInv)
((Armour fits poorly on your strangely shaped body.))
((Your system is resistant to poisons. (rPois)))
((You cover ground very slowly.))
You can spit poison.


Message History

Okay, then.
You feel yourself speed up.
The orc warrior hits you with a +0 hand axe!
* * * LOW HITPOINT WARNING * * *
The rust devil hits you.
* * * LOW HITPOINT WARNING * * *
The rust devil corrodes you!
Unknown command.
Unknown command.
It was a potion of lignification.
You turn into a tree.
Your +2 robe of fire resistance melds into your body.
You feel less resistant to fire.
Your roots penetrate the ground.
It was a potion of brilliance.
You feel clever all of a sudden. The rust devil hits you.
* * * LOW HITPOINT WARNING * * *
The rust devil corrodes you!
The orc warrior hits you with a +0 hand axe!
You die...
Kikubaaqudgha rasps: "You have failed me!
Welcome... death!"

#####..#.####.##.###
#..#.# #.#....#
#..#.####.#<...#
#..#......#.#######
#..................
######.#########..######.
#........#...............
#.......4##............#
#......o♣##........≈≈..#
########†##.......≈..≈.#
###≈...≈≈..≈..≈≈≈#
#≈≈..≈..≈.[≈..≈≈≈
#≈≈..≈..≈⌠.≈...≈≈
#≈≈...≈.⌠≈..≈..≈≈
#≈≈≈..≈..≈..≈..≈≈
##≈≈≈..≈..≈≈...≈#
##.≈..≈.......#


You could see a rust devil and an orc warrior (poisoned).

Vanquished Creatures
  Sigmund (D:3)
  A centaur (D:6)
  5 big kobolds (D:3)
  A bullfrog (D:6)
  2 hounds
  A bullfrog skeleton (D:4)
  An orc priest (D:3)
  Natasha (thrice) (D:3)
  A gnoll shaman (D:5)
  An iguana (D:4)
  Terence (D:2)
  5 worker ants
  Ijyb (D:2)
  Robin (D:2)
  12 gnolls
  A worker ant zombie (D:5)
  6 adders
  A river rat (D:3)
  A shadow imp (D:5)
  A worm (D:2)
  7 dart slugs
  6 leopard geckos
  15 orcs
  9 bats
  4 giant cockroaches
  42 goblins
  24 hobgoblins
  19 jackals
  3 quokkas (D:3)
  A ball python skeleton (D:4)
  4 frilled lizards
  A giant cockroach zombie (D:5)
  5 kobolds
  A quokka skeleton (D:5)
  15 rats
203 creatures vanquished.

Vanquished Creatures (collateral kills)
  A gnoll (D:3)
1 creature vanquished.

Vanquished Creatures (others)
  3 plants (D:2)
3 creatures vanquished.

Grand Total: 207 creatures vanquished

Notes
Turn   | Place    | Note
-------+----------+-------------------------------------------
     0 | D:1      | Marmelada the Naga Necromancer began the quest for the Orb.
     0 | D:1      | Reached XP level 1. HP: 15/15 MP: 3/3
   352 | D:1      | Reached XP level 2. HP: 21/22 MP: 3/5
   764 | D:1      | Reached XP level 3. HP: 15/28 MP: 3/6
  1477 | D:2      | Learned a level 1 spell: Animate Skeleton
  1481 | D:2      | Learned a level 3 spell: Vampiric Draining
  1621 | D:2      | Noticed Robin
  1638 | D:2      | Killed Robin
  1639 | D:2      | Reached skill level 5 in Necromancy
  1639 | D:2      | Reached XP level 4. HP: 4/36 MP: 1/7
  2513 | D:2      | Noticed Terence
  2521 | D:2      | Killed Terence
  2522 | D:2      | Reached skill level 4 in Stealth
  2744 | D:2      | Reached XP level 5. HP: 24/42 MP: 4/8
  3127 | D:3      | Noticed Sigmund
  3128 | D:3      | Noticed Ijyb
  3172 | D:3      | Noticed Natasha
  3177 | D:3      | Killed Natasha
  4048 | D:3      | Reached XP level 6. HP: 35/49 MP: 3/10
  4166 | D:3      | Noticed Natasha
  4171 | D:3      | Killed Natasha
  4172 | D:3      | Reached skill level 5 in Stealth
  4266 | D:2      | Killed Ijyb
  4362 | D:2      | Found a hazy altar of Hepliaklqana.
  4470 | D:3      | Killed Sigmund
  4471 | D:3      | Reached XP level 7. HP: 26/55 MP: 2/12
  4960 | D:3      | Reached skill level 6 in Stealth
  5076 | D:3      | Noticed Natasha
  5526 | D:3      | Killed Natasha
  6429 | D:3      | Reached skill level 1 in Fighting
  6448 | D:3      | Reached skill level 7 in Stealth
  6466 | D:3      | Reached XP level 8. HP: 33/67 MP: 4/14
  6976 | D:4      | Learned a level 4 spell: Animate Dead
  7925 | D:4      | Reached skill level 8 in Stealth
  8057 | D:5      | Entered Level 5 of the Dungeon
  8098 | D:5      | Found a staircase to the Ecumenical Temple.
  8140 | Temple   | Entered the Ecumenical Temple
  8397 | Temple   | Became a worshipper of Kikubaaqudgha
  8824 | D:5      | You fall into a shaft and drop 1 floor!
  9361 | D:6      | Reached skill level 5 in Spellcasting
  9531 | D:6      | Found a white marble altar of Elyvilon.
  9582 | D:6      | Got a masterwork mace
  9583 | D:6      | Identified the +8 mace of Slow Death {drain, SInv Stlth+}
                  | (You found it on level 6 of the Dungeon)
  9641 | D:5      | Noticed a rust devil
  9641 | D:5      | Noticed a rust devil
  9652 | D:6      | HP: 3/103 [rust devil (4)]
  9652 | D:6      | Mangled by an orc warrior

Illustrated notes

Levels and vault maps discovered:
D:1:      elethiomel_arrival_infinity_welcomes_careful_drivers, layout_basic,
          minmay_split_cup_small
D:2:      lemuel_upstairs_altar, layout_basic, serial_forest,
          infiniplex_forest_clump_tiny, infiniplex_forest_clump_small,
          infiniplex_forest_straight_5, infiniplex_forest_clump_small,
          infiniplex_forest_clump_diagonal, infiniplex_forest_lined_corner,
          infiniplex_forest_clump_diagonal, infiniplex_forest_end_3,
          grunt_ministairs_2, minmay_hedge_maze, uniq_robin, uniq_terence
D:3:      minmay_goblin_kobold_castle, layout_loops_cross,
          gup_sewer_entry_spiral, uniq_ijyb, uniq_sigmund, uniq_natasha
D:4:      layout_loops_ring
D:5:      cheibrodos_iron_armory, layout_basic,
          minmay_temple_entry_gardened_gates, minmay_crystal_water,
          minmay_circle_x
D:6:      cheibrodos_helix_gallery, layout_basic, elyvilon_altar_1
Temple:   regret_index_temple_sigil_plot

Skill      XL: |  1  2  3  4  5  6  7  8 |
---------------+-------------------------+-----
Necromancy     | 5 6 7 |  7.9
Stealth        | 4 5 7 8 |  8.6
Spellcasting   | 3 4 5 |  5.1
Fighting       | 2 3 |  3.4
Dodging        | |  1.8

Action                   |  1- 3 |  4- 6 |  7- 9 || total
-------------------------+-------+-------+-------++-------
Melee: Dagger            |    52 |    91 |   106 ||   249
       Mace              |       |       |   149 ||   149
 Cast: Pain              |    24 |    49 |    42 ||   115
       Vampiric Draining |     2 |     9 |    29 ||    40
       Animate Skeleton  |       |       |     6 ||     6
 Abil: Spit Poison       |    12 |     4 |    21 ||    37
Evoke: Wand              |       |     5 |     1 ||     6
  Use: Potion            |     1 |     3 |     4 ||     8
       Scroll            |       |     8 |     2 ||    10
 Stab: Sleeping          |     4 |     2 |    17 ||    23
       Distracted        |       |       |     1 ||     1
Armor: Robe              |     7 |    28 |   123 ||   158
Dodge: Dodged            |    30 |    78 |   204 ||   312

Table legend: (Time is in decaauts)
 A = Elapsed time spent in this place.
 B = Non-inter-level travel time spent in this place.
 C = Inter-level travel time spent in this place.
 D = Time resting spent in this place.
 E = Time spent auto-exploring this place.
 F = Levels seen in this place.
 G = Mean time per level.
                   A        B        C        D        E       F      G
               +--------+--------+--------+--------+--------+-----+--------+
         Total |  11607 |  11157 |    450 |   3261 |   5731 |   7 | 1658.1 |
       Dungeon |  11203 |  10827 |    376 |   3261 |   5405 |   6 | 1867.2 |
        Temple |    403 |    329 |     74 |      0 |    326 |   1 |  403.0 |
               +--------+--------+--------+--------+--------+-----+--------+

Top non-repeatable levels by time:
     D:3: 4028 daAuts
     D:2: 2216 daAuts
     D:1: 1626 daAuts
     D:4: 1613 daAuts
     D:5: 1279 daAuts
     D:6: 439 daAuts
  Temple: 403 daAuts
